 Dungeon Crawl Stone Soup version 0.14-a0-1721-g84c87b2 (webtiles) character file.

357 HollowCharge the Slasher (level 5, -1/34 HPs)
             Began as a Tengu Fighter on Jan 2, 2014.
             Slain by an orc priest
             ... wielding a +0,+1 orcish falchion
              (8 damage)
             ... on Level 3 of the Dungeon.
             The game lasted 00:14:00 (2571 turns).

HollowCharge the Slasher (Tengu Fighter)            Turns: 2571, Time: 00:14:01

HP  -1/34        AC  6     Str 16      XL: 5   Next: 72%
MP   7/7         EV  6     Int  8      God:
Gold 164         SH 18     Dex 15      Spells:  0 memorised,  4 levels left

rFire  . . .     SeeInvis .     k - +0,+2 long sword
rCold  . . .     Clarity  +     b - +0 scale mail
rNeg   . . .     Conserve .     c - +0 shield
rPois  .         rCorr    .     (helmet restricted)
rElec  .         rRot     .     (no cloak)
SustAb . .       Spirit   .     (no gloves)
rMut   .         Warding  .     (boots unavailable)
Saprov . . .     Stasis   .     o - amulet of clarity
                                (no ring)
                                u - ring of sustenance

@: slightly resistant to hostile enchantments, extremely unstealthy
A: able to fly, beak, talons 3
a: Fly


You were on level 3 of the Dungeon.
You were not hungry.

You visited 1 branch of the dungeon, and saw 3 of its levels.

You collected 164 gold pieces.

Inventory:

Hand weapons
 a - a +1,+1 falchion
 k - a +0,+2 long sword (weapon)
Armour
 b - a +0 scale mail (worn)
 c - a +0 shield (worn)
Magical devices
 p - a wand of magic darts (15)
Comestibles
 d - 3 bread rations
 f - a meat ration
 l - an apple
 n - a pear
 r - a rotting chunk of rat flesh
 s - a rotting chunk of adder flesh
 t - a choko
 w - 2 chunks of goblin flesh
 x - 3 chunks of human flesh
 z - 4 chunks of orc flesh
Scrolls
 h - a scroll of fog
 j - a scroll of teleportation {unknown}
 m - 2 scrolls of amnesia
 y - a scroll of enchant weapon II
Jewellery
 o - an amulet of clarity (around neck)
 u - a ring of sustenance (left hand)
Potions
 e - 2 potions of restore abilities
 g - a potion of cure mutation
 i - 2 potions of curing {unknown}
 q - a potion of invisibility {unknown}
 v - a potion of agility {unknown}


   Skills:
 * Level 4.4 Fighting
 * Level 4.5 Long Blades
 - Level 3.2 Armour
 + Level 2.1 Dodging
 - Level 3.0 Shields


You had 4 spell levels left.
You didn't know any spells.

Dungeon Overview and Level Annotations

Branches:
Dungeon (3/16)

Altars:


Innate Abilities, Weirdness & Mutations

You can fly.
You have a beak for a mouth.
You have claws for feet.


Message History

Your shield and scale mail prevent you from hitting the orc priest.
Your kick misses the orc priest. Your peck misses the orc priest.
The orc priest is heavily wounded.
The orc priest looks braver.
You hit the orc priest but do no damage.
You claw the orc priest, but do no damage.
The orc priest is heavily wounded.
You block the orc priest's attack.
You hit the orc priest. Your kick misses the orc priest.
Your peck misses the orc priest.
The orc priest is severely wounded.
You block the orc priest's attack.
You closely miss the orc priest.
The orc priest is severely wounded.
The orc priest hits you with an orcish falchion.
* * * LOW HITPOINT WARNING * * *
Your scale mail prevents you from hitting the orc priest.
The orc priest is severely wounded.
The orc priest hits you with an orcish falchion!
You die...

......# ......# ......#
......# ......# ......+
......# ......#
#+######## ......#
#..ooo@..# #######
########.# %.#
#######'#### #'#######
#..........# ........#
#..........#
........####%.........#
........##('))........#
.......(##.#..........#
........##.#..........#


You could see an orc priest and 2 orcs.

Vanquished Creatures
  A hound (D:2)
  An orc priest (D:3)
  Ijyb (D:3)
  Terence (D:3)
  4 adders
  A worm (D:2)
  A giant gecko (D:2)
  An ooze (D:1)
  4 orcs (D:3)
  2 ball pythons
  4 giant cockroaches
  11 goblins
  9 hobgoblins
  3 bats (D:2)
  3 giant newts
  11 kobolds
  8 rats
66 creatures vanquished.

Vanquished Creatures (others)
  A plant (D:1)
1 creature vanquished.

Grand Total: 67 creatures vanquished

Notes
Turn   | Place    | Note
--------------------------------------------------------------
     0 | D:1      | HollowCharge, the Tengu Fighter, began the quest for the Orb.
     0 | D:1      | Reached XP level 1. HP: 14/14 MP: 1/1
   272 | D:1      | Reached XP level 2. HP: 19/19 MP: 3/3
   909 | D:1      | Reached XP level 3. HP: 23/23 MP: 4/4
  1035 | D:2      | Reached skill level 1 in Dodging
  1337 | D:2      | Reached XP level 4. HP: 21/29 MP: 5/5
  1784 | D:3      | Noticed Ijyb
  1800 | D:3      | Killed Ijyb
  1800 | D:3      | Reached skill level 4 in Fighting
  1953 | D:3      | Reached XP level 5. HP: 10/33 MP: 7/7
  2440 | D:3      | Noticed Terence
  2451 | D:3      | Killed Terence
  2571 | D:3      | Slain by an orc priest

Action                   |  1- 3 |  4- 6 || total
-------------------------+-------+-------++-------
Melee: Falchion          |    83 |    32 ||   115
       Long sword        |       |    48 ||    48
  Use: Scroll            |     7 |     7 ||    14
